AoeStats
← Rodrigo Lao Tse

Arabia

510523343Analyzed
1v1 RM · 21h ago on Oct 1, 2026· 54m 17s· 2 players
Game mode
Random Map
Map size
Tiny (2 player)
Population
200
Speed
Normal
Resources
Standard
Victory
Conquest
Starting age
Dark Age
Ending age
Imperial Age
RankedLock teamsTeams togetherTeam positionsShared explorationLock speedFull tech treeHidden civsTurbo modeCheats
Victory
Defeat
🇦🇷 Chinese · Argentina
826
+24
🇨🇱 Maya · Chile
803
-15
Rodrigo Lao Tse
0:26 Loom
10:06 Feudal Age
10:49 Double-Bit Axe
15:23 Gold Mining
21:14 Castle Age
22:33 Wheelbarrow
21:44 Town Watch
21:27 Pikeman
22:10 Squires
22:23 Horse Collar
27:09 Elite Skirmisher
28:53 Heavy Plow
30:50 Eagle Warrior
32:02 Fletching
36:08 Imperial Age
33:55 Hand Cart
34:02 Forging
33:58 Padded Archer Armor
36:42 Scale Mail Armor
40:22 Capped Ram
42:09 Holcans
42:51 Elite Eagle Warrior
44:45 Chain Mail Armor
44:41 Forging
44:40 Siege Ram
47:32 Plate Mail Armor
47:52 Iron Casting
Clezg
0:27 Loom
9:24 Feudal Age
10:03 Double-Bit Axe
15:28 Horse Collar
18:21 Wheelbarrow
17:59 Forging
19:42 Scale Barding Armor
22:39 Castle Age
20:56 Padded Archer Armor
21:32 Gold Mining
22:23 Scale Barding Armor
22:47 Fletching
23:25 Crossbowman
24:19 Heavy Plow
24:34 Bow Saw
23:52 Light Cavalry
24:40 Husbandry
25:42 Heavy Plow
26:29 Leather Archer Armor
27:41 Bodkin Arrow
29:08 Bloodlines
29:07 Elite Skirmisher
29:53 Thumb Ring
34:08 Hand Cart
33:39 Town Watch
37:19 Ballistics
40:40 Iron Casting
40:25 Chain Barding Armor
42:57 Gold Shaft Mining
42:13 Stone Mining
45:17 Imperial Age
45:11 Sanctity
46:31 Ring Archer Armor
46:01 Bracer
47:02 Blast Furnace
46:37 Plate Barding Armor
47:07 Chemistry
45:53 Arrowslits
46:46 Conscription
46:14 Capped Ram
47:19 Town Patrol
48:25 Two-Man Saw
48:30 Cavalier
51:27 Siege Ram
Connection lost

Rejoining the realm…

Still unreachable

The connection could not be restored.

Session expired

The server has moved on; the page needs a fresh start.